 Dungeon Crawl Stone Soup version 0.15.2 (webtiles) character file.

163 magipi the Ruinous (level 5, -2/31 HPs)
             Began as an Octopode Conjurer on Feb 19, 2015.
             Slain by a centaur (7 damage)
             ... on Level 5 of the Dungeon.
             The game lasted 00:15:45 (3419 turns).

magipi the Ruinous (Octopode Conjurer)              Turns: 3419, Time: 00:15:45

HP  -2/31        AC  1     Str  7      XL: 5   Next: 44%
MP   0/11        EV 12     Int 19      God:
Gold 220         SH  0     Dex 12      Spells:  3 memorised,  3 levels left

rFire  . . .     SeeInvis .     f - +0 dagger
rCold  . . .     Clarity  .     (no shield)
rNeg   . . .     rCorr    .     (helmet restricted)
rPois  .         rRot     .     (no amulet)
rElec  .         Spirit   .     (no ring)
SustAb .         Warding  .     (no ring)
rMut   .         Stasis   .     (no ring)
Gourm  .                        (no ring)
MR     .....                    (no ring)
                                (no ring)
                                (no ring)
                                (no ring)

@: not resistant to hostile enchantments, fairly stealthy
A: almost no armour, amphibious, 8 rings, constrict 8, camouflage 1, gelatinous
body 1
a: no special abilities


You were on level 5 of the Dungeon.
You were hungry.

You visited 1 branch of the dungeon, and saw 5 of its levels.

You collected 220 gold pieces.

Inventory:

Hand weapons
 f - a +0 dagger (weapon)
 u - a +0 quarterstaff
Missiles
 q - 13 poisoned needles
Comestibles
 b - 2 bread rations
 i - 5 meat rations
 m - a beef jerky
 s - 3 rotting chunks of orc flesh
 t - a slice of pizza
 w - a chunk of rat flesh
 z - a chunk of giant newt flesh
Scrolls
 e - 3 scrolls of magic mapping {unknown}
 g - 3 scrolls of fog {unknown}
 h - 3 scrolls of amnesia {unknown}
 o - a scroll of enchant armour {unknown}
 p - a scroll of teleportation {unknown}
 r - 2 scrolls of identify {unknown}
 v - a scroll of blinking {unknown}
Jewellery
 n - an uncursed amulet of warding {unknown}
 y - an uncursed ring of flight {unknown}
Potions
 a - 2 potions of restore abilities {unknown}
 d - 3 potions of might {unknown}
 j - 3 potions of heal wounds {unknown}
 k - 2 potions of magic {unknown}
 l - 2 potions of invisibility {unknown}
 x - a potion of degeneration {unknown}
Books
 c - a book of Conjurations

   Spells                             Type                      Level
   *Magic Dart                        Conjuration                  1
   *Searing Ray                       Conjuration                  2
   Dazzling Spray                     Conjuration/Hexes            3
   Fulminant Prism                    Conjuration/Hexes            4
   *Iskenderun's Mystic Blast         Conjuration                  4
   Iskenderun's Battlesphere          Conjuration/Charms           5


   Skills:
 - Level 2.0 Dodging
 - Level 2.6 Stealth
 + Level 3.0 Spellcasting
 + Level 6.0 Conjurations


You had 3 spell levels left.
You knew the following spells:

 Your Spells              Type           Power        Failure   Level  Hunger
a - Magic Dart            Conj           ####         1%          1    None
b - Searing Ray           Conj           ####..       1%          2    ##.....
c - Iskenderun's Mystic   Conj           ####....     14%         4    ####...


Dungeon Overview and Level Annotations

Branches:
Dungeon (5/15)
 Temple: D:4-7

Altars:

Annotations:
D:3 yiuf, 1 exclusion, Sigmund, Terence


Innate Abilities, Weirdness & Mutations

You cannot wear most types of armour.
You are amphibious.
You can wear up to eight rings at the same time.
You can use your tentacles to constrict many enemies at once.
Your skin changes colour to match your surroundings (Stealth).
Your rubbery body absorbs attacks (AC +1).

Vault maps used:
D:1:      ldierk_walled_garden, st_stairs_2, hex_intersection
D:3:      first_bread, minmay_misc_feat_enclosed, minmay_misc_feat_x,
          hangedman_abyss_or_decor_stabs, minmay_cut_off,
          uniq_crazy_yiuf_cottage, uniq_terence, uniq_sigmund
D:4:      minmay_misc_feat_pillars
D:5:      corexii_leaking_fountain, uniq_natasha


Message History

Aim: a giant mite (clinging, resting)
The magic dart hits the giant mite.
The giant mite is heavily wounded.
Casting: Magic Dart
Confirm with . or Enter, or press ? or * to list all spells.
Aiming: Magic Dart
Press: ? - help, Shift-Dir - straight line, f/p - giant mite
Aim: a giant mite (heavily wounded, clinging)
The magic dart hits the giant mite.
You kill the giant mite!
Casting: Magic Dart
Confirm with . or Enter, or press ? or * to list all spells.
You can't see any susceptible monsters within range! (Use Z to cast anyway.) Unknown command.
You now have 220 gold pieces (gained 18).
j - 3 red potions (gained 1)
A centaur comes into view.
The centaur shouts!
The centaur wields a shortbow.
The centaur shoots an arrow of frost.
The arrow of frost barely misses you.
Found a stone staircase leading down.
A rat comes into view.
The centaur shoots an arrow of frost.
The arrow of frost hits you. The arrow of frost freezes you.
You see here an arrow of frost.
Casting: Magic Dart
Confirm with . or Enter, or press ? or * to list all spells.
Aiming: Magic Dart
Press: ? - help, Shift-Dir - straight line, f - centaur
Aim: a centaur, wielding a shortbow The magic dart hits the centaur.
The centaur is lightly wounded.
The centaur shoots an arrow of frost.
The arrow of frost hits you! The arrow of frost freezes you.
The centaur shoots an arrow of frost.
The arrow of frost barely misses you.
Casting: Magic Dart
Confirm with . or Enter, or press ? or * to list all spells.
You can't see any susceptible monsters within range! (Use Z to cast anyway.) Unknown command.
Casting: Magic Dart
Confirm with . or Enter, or press ? or * to list all spells.
Aiming: Magic Dart
Press: ? - help, Shift-Dir - straight line, f/p - centaur
Aim: a centaur, wielding a shortbow (lightly wounded)
The magic dart hits the centaur.
The centaur is moderately wounded.
The centaur shoots an arrow of frost.
The arrow of frost hits you. The arrow of frost freezes you.
Casting: Magic Dart
Confirm with . or Enter, or press ? or * to list all spells.
Aiming: Iskenderun's Mystic Blast
Press: ? - help, Shift-Dir - straight line, f/p - centaur
Aim: a centaur, wielding a shortbow (moderately wounded)
The orb of energy hits the centaur.
The centaur is severely wounded.
Casting: Iskenderun's Mystic Blast
Confirm with . or Enter, or press ? or * to list all spells.
Aiming: Iskenderun's Mystic Blast
Press: ? - help, Shift-Dir - straight line, f/p - centaur
Aim: a centaur, wielding a shortbow (severely wounded)
The orb of energy hits the centaur.
The centaur is almost dead.
You are feeling hungry.
The centaur shoots an arrow of frost.
The arrow of frost barely misses you.
The centaur shoots an arrow of frost.
The arrow of frost misses you.
Casting: Iskenderun's Mystic Blast
Confirm with . or Enter, or press ? or * to list all spells.
Aiming: Magic Dart
Press: ? - help, Shift-Dir - straight line, f/p - centaur
Aim: a centaur, wielding a shortbow (almost dead)
The magic dart hits the centaur.
The centaur is almost dead.
The centaur shoots an arrow of frost.
The arrow of frost hits you. The arrow of frost freezes you.
* * * LOW HITPOINT WARNING * * *
Drink which item? (? for menu, Esc to quit)
Okay, then.
The centaur unwields an uncursed shortbow.
The centaur hits you.
* * * LOW HITPOINT WARNING * * *
The centaur closely misses you.
You hit the centaur but do no damage.
You squeeze the centaur, but do no damage.
The centaur is almost dead.
The centaur misses you.
Casting: Magic Dart
Confirm with . or Enter, or press ? or * to list all spells.
Aiming: Magic Dart
Press: ? - help, Shift-Dir - straight line, f/p - centaur
Aim: a centaur (almost dead)
The magic dart hits the centaur.
The centaur is almost dead.
The centaur closely misses you. The centaur barely misses you.
You barely miss the centaur.
The centaur is almost dead.
The centaur barely misses you.
You hit the centaur. Your squeeze misses the centaur.
The centaur is almost dead.
The centaur hits you!
You die...

. # . ##.# ##. #...# #..
###.%# #.###...# #.##..###
#.##.##
#############.#..#######.
#......(.@cr.......[....>
###.##########..###########
#...# #..# . ###.### #...#
#.##%..# #..#.# #.##.###
#..##.# #.##.# #.#


#rc #.##.# #. #.. #.##.# ... You could see a centaur and a rat.

Table legend:
 A = Kills in this place as a percentage of kills in entire the game.
 B = Kills by you in this place as a percentage of kills by you in the entire game.
 C = Kills by friends in this place as a percentage of kills by friends in the entire game.
 D = Other kills in this place as a percentage of other kills in the entire game.
 E = Experience gained in this place as a percentage of experience gained in the entire game.
 F = Experience gained in this place divided by the number of levels of this place that you have seen.
                   A       B       C       D       E      F
               +-------+-------+-------+-------+-------+----------------------
         Total | 100.0 | 100.0 |  -nan |  -nan | 100.0 |  46.8
       Dungeon | 100.0 | 100.0 |  -nan |  -nan | 100.0 |  46.8
               +-------+-------+-------+-------+-------+----------------------

Vanquished Creatures
  An orc priest (D:4)
  An iguana (D:4)
  A worker ant (D:4)
  A giant mite (D:5)
  A worm (D:2)
  3 giant geckos
  4 orcs
  8 bats
  3 giant cockroaches
  12 goblins
  9 hobgoblins
  2 ball pythons
  5 giant newts
  2 jackals
  9 kobolds
  A quokka skeleton (D:4)
  6 rats
69 creatures vanquished.

Vanquished Creatures (others)
  5 toadstools (D:1)
5 creatures vanquished.

Grand Total: 74 creatures vanquished

Notes
Turn   | Place    | Note
--------------------------------------------------------------
     0 | D:1      | magipi, the Octopode Conjurer, began the quest for the Orb.
     0 | D:1      | Reached XP level 1. HP: 11/11 MP: 3/3
   243 | D:1      | Reached XP level 2. HP: 17/17 MP: 2/4
   399 | D:1      | Learned a level 2 spell: Searing Ray
   728 | D:1      | Reached XP level 3. HP: 21/21 MP: 0/6
  1001 | D:2      | Reached skill level 5 in Conjurations
  1894 | D:3      | Noticed Sigmund
  2041 | D:3      | Reached XP level 4. HP: 27/27 MP: 1/7
  2099 | D:3      | Learned a level 4 spell: Iskenderun's Mystic Blast
  2334 | D:3      | Noticed Terence
  2867 | D:4      | Reached XP level 5. HP: 31/31 MP: 1/9
  3360 | D:5      | Entered Level 5 of the Dungeon
  3364 | D:5      | Reached skill level 6 in Conjurations
  3402 | D:5      | Noticed a centaur
  3419 | D:5      | Slain by a centaur

Action                   |  1- 3 |  4- 6 || total
-------------------------+-------+-------++-------
Melee: Dagger            |       |     4 ||     4
 Cast: Magic Dart        |    89 |    51 ||   140
       Searing Ray       |     1 |     2 ||     3
       Iskenderun's Myst |       |     2 ||     2
  Eat: Chunk             |     5 |     4 ||     9

Action                   |  1- 3 |  4- 6 || total
-------------------------+-------+-------++-------
Melee: Dagger            |       |     4 ||     4
 Cast: Magic Dart        |    89 |    51 ||   140
       Searing Ray       |     1 |     2 ||     3
       Iskenderun's Myst |       |     2 ||     2
  Eat: Chunk             |     5 |     4 ||     9

Action                   |  1- 3 |  4- 6 || total
-------------------------+-------+-------++-------
Melee: Dagger            |       |     4 ||     4
 Cast: Magic Dart        |    89 |    51 ||   140
       Searing Ray       |     1 |     2 ||     3
       Iskenderun's Myst |       |     2 ||     2
  Eat: Chunk             |     5 |     4 ||     9
